 Dungeon Crawl Stone Soup version 0.21-a0-140-g479285b (webtiles) character file.

34 Gorglomux the Skirmisher (level 3, -3/30 HPs)
             Began as a Hill Orc Venom Mage on July 19, 2017.
             Killed from afar by Natasha (10 damage)
             ... with a magic dart
             ... on level 2 of the Dungeon.
             The game lasted 00:02:20 (1114 turns).

Gorglomux the Skirmisher (Hill Orc Venom Mage)      Turns: 1114, Time: 00:02:20

Health: -3/30      AC:  2    Str: 11    XL:     3   Next: 31%
Magic:  1/5        EV: 12    Int: 15    God:
Gold:   65         SH:  0    Dex: 11    Spells: 4/5 levels left

rFire    . . .     SeeInvis .   d - +0 hand axe
rCold    . . .     Gourm    .   (no shield)
rNeg     . . .     Faith    .   a - +0 robe
rPois    .         Spirit   .   (no helmet)
rElec    .         Reflect  .   (no cloak)
rCorr    .         Harm     .   (no gloves)
MR       .....                  (no boots)
Stlth    ++........             (no amulet)
HPRegen  0.10/turn              (no ring)
MPRegen  0.09/turn              (no ring)

@: no status effects
A: no striking features
a: no special abilities


You were on level 2 of the Dungeon.
You were hungry.

You visited 1 branch of the dungeon, and saw 2 of its levels.

You collected 65 gold pieces.

Inventory:

Hand Weapons
 d - a +0 hand axe (weapon)
Armour
 a - a +0 robe (worn)
Scrolls
 g - a scroll of immolation {unknown}
 h - 2 scrolls of identify {unknown}
 S - 2 scrolls of enchant weapon {unknown}
 T - a scroll of magic mapping {unknown}
Potions
 j - a potion of magic {unknown}
 Q - 2 potions of curing
Books
 b - a Young Poisoner's Handbook

   Spells                             Type                      Level
   a - Sting                          Conjuration/Poison           1
   b - Poisonous Vapours              Poison/Air                   2
   c - Mephitic Cloud                 Conjuration/Poison/Air       3
   d - Olgreb's Toxic Radiance        Poison                       4
   e - Venom Bolt                     Conjuration/Poison           5
Comestibles
 c - a bread ration


   Skills:
 + Level 2.7 Fighting
 + Level 2.0 Axes
 - Level 1.5 Dodging
 - Level 1.5 Stealth
 - Level 1.5 Spellcasting
 - Level 1.0 Conjurations
 - Level 2.6 Poison Magic


You had 4 spell levels left.
You knew the following spells:

 Your Spells              Type           Power        Failure   Level  Hunger
a - Sting                 Conj/Pois      #...         11%         1    ##.....


Dungeon Overview and Level Annotations

Branches:
Dungeon (2/15)

Altars:

Annotations:
D:2 Natasha


Message History

Natasha's front paws start to glow!
Natasha claws you!!!
Casting: Sting
Confirm with ! or Enter, or butts ? or * to list all spells!
Aiming: Sting
Press: ? - help, Shift-Dir - straight line, f/p - Natasha
Aim: Natasha (moderately wounded, poisoned)
The sting misses Natasha!
Natasha claws you!!!
Casting: Sting
Confirm with ! or Enter, or press ? or * to list all spells!
Aiming: Sting
Press: ? - help, Shift-Dir - straight line, f/p - Natasha
Aim: Natasha (moderately wounded, poisoned)
The sting hits Natasha!
Natasha looks even sicker!
Natasha is heavily wounded!
Natasha butts butt!!! * * * don't die
* * * Natasha stares at you and mumbles some strange words!
The magic dart hits you!!! rip

##### #...####
#......# #...##.#
##.###.# #.###.#
#@h5..# #########
#####.####.....?..
#...........##
#.####.####.# #.#
#.# .# #.# ..h g#
#.. ..... .#
#.###...## .# #.#
##... h#


You could see Natasha and a white imp.

Vanquished Creatures
  An adder (D:1)
  A dart slug (D:1)
  A leopard gecko (D:1)
  A ball python (D:1)
  7 goblins
  A hobgoblin (D:1)
  A kobold (D:1)
  A bat (D:1)
  3 frilled lizards (D:1)
  4 rats
21 creatures vanquished.

Notes
Turn   | Place    | Note
-------+----------+-------------------------------------------
     0 | D:1      | Gorglomux the Hill Orc Venom Mage began the quest for the Orb.
     0 | D:1      | Reached XP level 1. HP: 14/14 MP: 3/3
   260 | D:1      | Reached skill level 1 in Fighting
   329 | D:1      | Reached XP level 2. HP: 24/24 MP: 0/4
   401 | D:1      | Reached skill level 1 in Axes
   748 | D:1      | Reached XP level 3. HP: 30/30 MP: 1/5
  1044 | D:2      | Noticed Natasha
  1114 | D:2      | Killed from afar by Natasha

Vault maps used:
D:1:      nicolae_arrival_somewhat_less_tricky_arrival
D:2:      minmay_three_crescents, uniq_natasha

Skill      XL: |  1  2  3 |
---------------+----------+-----
Fighting       | 1 2 |  2.7
Axes           | 1 2 |  2.0
Dodging        | |  1.5
Stealth        | |  1.5
Spellcasting   | |  1.5
Conjurations   | |  1.0
Poison Magic   | |  2.6

Action                   || total
-------------------------++-------
Melee: Hand axe          ||    18
 Cast: Sting             ||    38
  Eat: Chunk             ||     1
Armor: Robe              ||     5
Dodge: Dodged            ||    10
